 Dungeon Crawl Stone Soup version 0.21-a0-582-g1b93aee (webtiles) character file.

6861 sithsevirus the Cleaver (level 10, -8/92 HPs)
             Began as a Minotaur Monk on Dec 19, 2017.
             Was a Priest of Wu Jian.
             Mangled by Snorg (19 damage)
             ... on level 10 of the Dungeon.
             The game lasted 00:46:37 (10915 turns).

sithsevirus the Cleaver (Minotaur Monk)            Turns: 10915, Time: 00:46:38

Health: -8/92      AC: 12    Str: 18    XL:     10   Next: 78%
Magic:  9/9        EV: 17    Int:  7    God:    Wu Jian [***...]
Gold:   586        SH:  0    Dex: 14    Spells: 9/9 levels left

rFire    . . .     SeeInvis +   a - +2 war axe (flame)
rCold    . . .     Gourm    .   (no shield)
rNeg     . . .     Faith    .   H - +5 leather armour of the Pits of Slime {rPois}
rPois    +         Spirit   .   (helmet restricted)
rElec    .         Reflect  .   (no cloak)
rCorr    .         Harm     .   B - +1 pair of gloves
MR       +....                  I - +0 pair of boots
Stlth    ++........             (no amulet)
HPRegen  0.25/turn              F - ring of see invisible
MPRegen  0.11/turn              L - ring of protection from magic

@: exhausted
A: retaliatory headbutt, horns 2
a: Serpent's Lash, Renounce Religion


You were on level 10 of the Dungeon.
You worshipped Wu Jian.
Wu Jian was most pleased with you.
You were not hungry.

You visited 2 branches of the dungeon, and saw 11 of its levels.
You also visited: Ossuary.

You collected 586 gold pieces.

Inventory:

Hand Weapons
 a - a +2 war axe of flaming (weapon)
 m - a +0 hunting sling
Missiles
 f - 226 stones
 n - 46 poisoned needles
 s - 12 tomahawks (quivered)
 w - 52 sling bullets
 S - a throwing net
Armour
 B - a +1 pair of gloves (worn)
 H - the +5 leather armour of the Pits of Slime (worn) {rPois}
   (You found it on level 6 of the Dungeon)

   It protects you from poison.
 I - a +0 pair of boots (worn)
Jewellery
 t - an uncursed ring of protection from fire
 E - an uncursed ring of magical power
 F - a ring of see invisible (left hand)
 L - a ring of protection from magic (right hand)
 M - an uncursed ring of poison resistance
 O - an uncursed amulet of faith {unknown}
 Q - a +3 ring of dexterity {unknown}
 R - a +5 ring of intelligence {unknown}
Wands
 j - a wand of enslavement (23)
 u - a wand of paralysis (6)
 x - a wand of iceblast (8)
 J - a wand of random effects (19)
 N - a wand of flame (27)
Scrolls
 d - 12 scrolls of remove curse
 i - 13 scrolls of identify
 p - 4 scrolls of enchant armour
 q - a scroll of acquirement {unknown}
 r - 4 scrolls of teleportation
 v - a scroll of immolation
 y - 2 scrolls of amnesia
Potions
 b - a potion of flight {unknown}
 e - 2 potions of berserk rage {unknown}
 g - 7 potions of curing
 k - 3 potions of degeneration {unknown}
 l - 4 potions of lignification {unknown}
 o - a potion of mutation {unknown}
 z - a potion of haste {unknown}
 A - 3 potions of heal wounds {unknown}
 C - 2 potions of magic {unknown}
 D - a potion of brilliance {unknown}
 G - 2 potions of agility {unknown}
 K - a potion of invisibility {unknown}
Books
 h - a book of Maledictions

   Spells                             Type                      Level
   a - Corona                         Hexes                        1
   b - Ensorcelled Hibernation        Hexes/Ice                    2
   c - Confuse                        Hexes                        3
   d - Tukima's Dance                 Hexes                        3
   e - Dazzling Spray                 Conjuration/Hexes            3
Comestibles
 c - 13 rations
 P - 14 chunks of flesh


   Skills:
 + Level 9.7 Fighting
 * Level 12.8 Axes
 + Level 8.4 Armour
 + Level 8.9 Dodging
 - Level 1.5 Stealth


You had 9 spell levels left.
You didn't know any spells.

Dungeon Overview and Level Annotations

Branches:
Dungeon (10/15)            Temple (1/1) D:6            Lair (0/6) D:9
    Orc (0/2) D:9

Altars:
Ashenzari
Cheibriados
Dithmenos
Elyvilon
Fedhas
Gozag
Hepliaklqana
Kikubaaqudgha
Makhleb
Nemelex Xobeh
Okawaru
Qazlal
Ru
Sif Muna
Trog
Uskayaw
Vehumet
Wu Jian
Xom
Yredelemnul
Zin
The Shining One

Shops:
D:6 =

Annotations:
D:10 Snorg


Innate Abilities, Weirdness & Mutations

You reflexively headbutt those who attack you in melee.
You have a pair of horns on your head.


Message History

You headbutt Snorg. Snorg misses you. Snorg claws you.
You feel better. Snorg completely misses you. You furiously retaliate!
You headbutt Snorg. Snorg claws you. Snorg claws you!
Your muscles tense, ready for explosive movement...
You spin and attack Snorg, with incredible momentum.
You slash Snorg! You burn Snorg.
Snorg is heavily wounded.
Zoom!
You spin and attack Snorg, with incredible momentum.
You slice Snorg!! You burn Snorg.
Snorg is severely wounded.
ZOOOM!
You spin and attack Snorg.
You slash Snorg! You burn Snorg.
Snorg is almost dead.
Snorg bites you!!
* * * LOW HITPOINT WARNING * * *
Snorg claws you.
* * * LOW HITPOINT WARNING * * *
Snorg claws you!!
You die...

#......# #...... #.....#
#.....# .# ##+##+#....W#
.### ####### ...........
..... ......#
.........#+##..... ......+
...!....T#........ ......#
........@§...h.... ......#
.........#........
......#########+##........
..........................
..........................
..........................
..........................
#####..............#######
# #....###.÷.....#


You could see Snorg (berserk) and a hound.

Vanquished Creatures
  Erolcha (D:9)
  2 two-headed ogres
  The ghost of p0werm0de the Conjurer, an amateur OpCj (D:5)
  Grum (D:9)
  A hungry ghost (D:9)
  Duvessa (D:7)
  3 orc warriors
  4 ice beasts
  2 sky beasts
  The ghost of SpeedyPerson7 the Chopper, an amateur MiBe of Trog (D:4)
  2 phantoms (D:9)
  4 ogres
  2 wolves (D:9)
  3 centaurs
  A big kobold (D:9)
  2 bullfrogs
  A water moccasin zombie (D:8)
  3 scorpions
  A water moccasin skeleton (D:5)
  Dowan (D:7)
  2 troll zombies (D:9)
  5 wights (D:6)
  2 bullfrog zombies (D:6)
  3 crimson imps
  9 hounds
  4 jellies
  An orc priest (D:3)
  A gnoll shaman (D:9)
  10 orc wizards
  A centaur skeleton (D:6)
  3 bullfrog skeletons
  4 iguanas
  5 worker ants
  A big kobold zombie (Ossuary)
  4 ogre zombies (D:9)
  2 hound skeletons
  2 mummies (Ossuary)
  2 worker ant zombies
  2 adders
  6 gnolls
  A river rat (D:3)
  4 shadow imps
  An ooze (D:3)
  5 adder zombies (Ossuary)
  4 worms
  A dart slug (D:1)
  10 leopard geckos
  24 orcs
  A ball python (D:5)
  9 bats
  5 giant cockroaches
  5 goblins
  5 hobgoblins
  4 jackals (D:8)
  10 kobolds
  3 quokkas
  A ball python skeleton (D:4)
  3 frilled lizards
  A giant cockroach zombie (D:5)
  4 gnoll zombies (Ossuary)
  A goblin skeleton (D:9)
  3 goblin zombies (D:9)
  3 hobgoblin skeletons (D:9)
  3 hobgoblin zombies (Ossuary)
  3 kobold zombies (Ossuary)
  A leopard gecko skeleton (D:8)
  4 orc skeletons (D:9)
  10 orc zombies
  5 rats
240 creatures vanquished.

Vanquished Creatures (others)
  A goblin (D:2)
1 creature vanquished.

Grand Total: 241 creatures vanquished

Notes
Turn   | Place    | Note
-------+----------+-------------------------------------------
     0 | D:1      | sithsevirus the Minotaur Monk began the quest for the Orb.
     0 | D:1      | Reached XP level 1. HP: 19/19 MP: 0/0
   198 | D:1      | Reached skill level 4 in Axes
   199 | D:1      | Reached XP level 2. HP: 20/27 MP: 1/1
   431 | D:1      | You fall through a shaft!
   924 | D:2      | Reached XP level 3. HP: 33/33 MP: 2/2
  1125 | D:2      | Found a radiant altar of Vehumet.
  1569 | D:3      | Reached skill level 5 in Axes
  1569 | D:3      | Reached XP level 4. HP: 41/41 MP: 3/3
  2110 | D:3      | Found a glowing drain.
  2127 | D:3      | Reached XP level 5. HP: 35/47 MP: 4/4
  2409 | D:4      | Reached skill level 1 in Armour
  2450 | D:4      | Found a sand-covered staircase.
  2460 | D:4      | Reached skill level 5 in Fighting
  2460 | D:4      | Reached skill level 6 in Axes
  2477 | D:4      | Reached XP level 6. HP: 24/56 MP: 5/5
  2655 | Ossuary  | Entered an ossuary
  3195 | D:4      | Noticed SpeedyPerson7's ghost (amateur MiBe)
  3207 | D:4      | Killed SpeedyPerson7's ghost
  3545 | D:4      | Reached skill level 7 in Axes
  3545 | D:4      | Reached skill level 5 in Dodging
  3545 | D:4      | Reached XP level 7. HP: 48/61 MP: 6/6
  3961 | D:5      | Entered Level 5 of the Dungeon
  4447 | D:5      | Noticed p0werm0de's ghost (amateur OpCj)
  4466 | D:5      | Killed p0werm0de's ghost
  4837 | D:5      | Reached skill level 8 in Axes
  5158 | D:5      | Reached XP level 8. HP: 70/70 MP: 7/7
  5914 | D:6      | Found Butrauh's Jewellery Emporium.
  5943 | D:6      | Found a staircase to the Ecumenical Temple.
  5950 | Temple   | Entered the Ecumenical Temple
  6056 | Temple   | Became a worshipper of the Wu Jian Council
  6056 | Temple   | Reached * piety under Wu Jian
  6056 | Temple   | Reached ** piety under Wu Jian
  6145 | D:6      | Reached skill level 9 in Axes
  6161 | D:6      | Reached skill level 5 in Armour
  6396 | D:6      | Found a blossoming altar of Fedhas.
  6589 | D:6      | Got a jewelled leather armour
  6600 | D:6      | Identified the +5 leather armour of the Pits of Slime {rPois} (You found it on level 6 of the Dungeon)
  6979 | D:7      | Reached XP level 9. HP: 79/79 MP: 8/8
  7027 | D:7      | Reached skill level 10 in Axes
  7111 | D:7      | Noticed Duvessa
  7116 | D:7      | Noticed Dowan
  7117 | D:7      | Killed Dowan
  7125 | D:7      | Killed Duvessa
  7465 | D:7      | Found a glowing silver altar of Zin.
  7466 | D:7      | Found an iron altar of Okawaru.
  7466 | D:7      | Found a sacrificial altar of Ru.
  7467 | D:7      | Found a burning altar of Makhleb.
  7676 | D:7      | Reached *** piety under Wu Jian
  8032 | D:8      | Found an ancient bone altar of Kikubaaqudgha.
  8096 | D:8      | Noticed a two-headed ogre
  8145 | D:8      | HP: 3/81 [iguana (6)]
  8562 | D:8      | Reached skill level 11 in Axes
  8841 | D:8      | Killed a two-headed ogre
  8841 | D:8      | Reached XP level 10. HP: 69/90 MP: 9/9
  9091 | D:9      | Found a staircase to the Orcish Mines.
  9139 | D:9      | Reached **** piety under Wu Jian
  9231 | D:9      | Noticed Grum
  9253 | D:9      | Killed Grum
  9253 | D:9      | Reached skill level 12 in Axes
  9726 | D:9      | Found a hazy altar of Hepliaklqana.
  9802 | D:9      | Noticed Erolcha
  9807 | D:9      | Killed Erolcha
 10108 | D:9      | Found a staircase to the Lair.
 10363 | D:10     | Entered Level 10 of the Dungeon
 10401 | D:10     | Noticed a two-headed ogre
 10415 | D:10     | Killed a two-headed ogre
 10906 | D:10     | Noticed Snorg
 10915 | D:10     | Mangled by Snorg

Vault maps used:
D:1:      dpeg_arrival_arbitrary_c
D:2:      fiery_altar_vehumet, first_ration
D:3:      portal_sewer_entry_b
D:4:      enter_ossuary_1
D:6:      nicolae_overflow_crystal_walls, minmay_temple_entry_purple_smoke,
          serial_shops, shop_fountains
D:7:      chequers_temple_overflow_statue_of_worship, uniq_duvessa
D:8:      old_standard_altar
D:9:      marbit_many_paths, lair_entry_dummy, zombieorc1_lemuel, uniq_erolcha,
          uniq_grum
D:10:     serial_shops, nicolae_shop_waterfront, shop_fountains, shop_statue,
          uniq_snorg
Temple:   jpeg_temple_clearing
Ossuary:  ossuary_tomb_2

Skill      XL: |  1  2  3  4  5  6  7  8  9 10 |
---------------+-------------------------------+-----
Axes           | 4 5 6 7 8 9 11 12 | 12.8
Fighting       | 4 5 6 7 8 9 |  9.7
Dodging        | 4 5 6 8 |  8.9
Armour         | 1 2 4 5 7 8 |  8.4
Stealth        | |  1.5

Action                   |  1- 3 |  4- 6 |  7- 9 | 10-12 || total
-------------------------+-------+-------+-------+-------++-------
Melee: Hand axe          |   103 |     5 |       |       ||   108
       Headbutt          |    13 |    34 |    65 |    32 ||   144
       War axe           |       |   158 |   322 |   158 ||   638
Throw: Tomahawk          |       |     1 |       |       ||     1
Invok: Whirlwind         |       |       |    44 |    61 ||   105
       Wall jump         |       |       |    25 |    20 ||    45
       Lunge             |       |       |    11 |     4 ||    15
       Serpent's Lash    |       |       |       |     2 ||     2
Evoke: Wand              |       |       |     4 |       ||     4
  Use: Scroll            |       |       |    14 |       ||    14
       Potion            |       |       |       |     1 ||     1
 Stab: Sleeping          |     1 |       |     3 |     2 ||     6
       Distracted        |       |       |       |     1 ||     1
  Eat: Chunk             |     2 |     4 |     6 |     2 ||    14
       Ration            |       |     2 |     2 |     2 ||     6
Armor: Robe              |     7 |       |       |       ||     7
       Scale mail        |    22 |     1 |       |       ||    23
       Plate armour      |       |   106 |    83 |       ||   189
       Leather armour    |       |       |    37 |    26 ||    63
Dodge: Dodged            |    56 |    50 |   146 |    97 ||   349

Table legend:
 A = Spawn XP
 B = Non-spawn XP
 C = Spawn XP percentage of total XP
 D = Spawn monster count
 E = Non-spawn monster count
 F = Spawn count percentage of total count
 G = Total turns spent on level
                    A         B        C        D         E        F      G
               +---------+---------+-------+---------+---------+-------+---------
         Total |       0 |    9802 |   0.0 |       0 |     240 |   0.0 | 10915
               +---------+---------+-------+---------+---------+-------+---------
           D:1 |       0 |      32 |   0.0 |       0 |      18 |   0.0 |   865
           D:2 |       0 |      60 |   0.0 |       0 |      21 |   0.0 |   690
           D:3 |       0 |     139 |   0.0 |       0 |      19 |   0.0 |   811
           D:4 |       0 |     503 |   0.0 |       0 |      17 |   0.0 |  1177
           D:5 |       0 |     832 |   0.0 |       0 |      16 |   0.0 |  1876
           D:6 |       0 |    1094 |   0.0 |       0 |      26 |   0.0 |   944
           D:7 |       0 |    1685 |   0.0 |       0 |      25 |   0.0 |   992
           D:8 |       0 |    1390 |   0.0 |       0 |      22 |   0.0 |  1051
           D:9 |       0 |    2923 |   0.0 |       0 |      48 |   0.0 |  1343
          D:10 |       0 |    1044 |   0.0 |       0 |       8 |   0.0 |   552
       Ossuary |       0 |     100 |   0.0 |       0 |      20 |   0.0 |   440
               +---------+---------+-------+---------+---------+-------+---------
